 Dungeon Crawl Stone Soup version 0.30-a0-123-g91d0c66ccf (webtiles) character file.

Game seed: 11617543626102138841

7 KittyKat the Grave Robber (level 1, -2/13 HPs)
             Began as a Demonspawn Necromancer on Sept 17, 2022.
             Slain by a jackal (3 damage)
             ... on level 1 of the Dungeon.
             The game lasted 00:01:38 (295 turns).

KittyKat the Grave Robber (Demonspawn Necromancer)   Turns: 295, Time: 00:01:39

Health: -2/13      AC:  2    Str:  8    XL:     1   Next: 83%
Magic:  0/3        EV: 12    Int: 16    God:
Gold:   30         SH:  0    Dex: 13    Spells: 3/4 levels left

rFire   . . .      SeeInvis .    h - +0 dagger
rCold   . . .      Faith    .    (no shield)
rNeg    . . .      Spirit   .    a - +0 robe
rPois   .          Reflect  .    (no helmet)
rElec   .          Harm     .    (no cloak)
rCorr   .          Rampage  .    (no gloves)
Will    .....                    (no boots)
Stlth   ++........               (no amulet)
HPRegen 0.04/turn                (no ring)
MPRegen 0.08/turn                (no ring)

@: no status effects
A: no striking features
a: no special abilities


You were on level 1 of the Dungeon.
You visited 1 branch of the dungeon, and saw 1 of its levels.

You collected 30 gold pieces.

Inventory:

Hand Weapons
 h - a +0 dagger (weapon)
Armour
 a - a +0 robe (worn)
Scrolls
 c - a scroll of enchant weapon {unknown}
 d - a scroll of identify {unknown}
 e - 2 scrolls of teleportation {unknown}
Potions
 b - a potion of magic
 f - a potion of lignification {unknown}
 g - a potion of curing {unknown}
 i - a potion of degeneration {unknown}
 j - a potion of flight {unknown}


   Skills:
 + Level 1.9 Dodging
 - Level 1.7 Stealth
 + Level 2.1 Spellcasting
 * Level 4.6 Necromancy


You had 3 spell levels left.
You knew the following spells:

 Your Spells              Type           Power      Damage    Failure   Level
a - Necrotise             Necr           64%        1d7       3%          1

Your spell library contained the following spells:

 Spells                   Type           Power      Damage    Failure   Level
 Vampiric Draining        Necr           16%        2d7       10%         3
 Animate Dead             Necr           16%        N/A       30%         4
 Agony                    Necr           16%        N/A       65%         5


Dungeon Overview and Level Annotations

Branches:
Dungeon (1/15)

Altars:


Message History

Confirm with . or Enter, or press ? or * to list all spells.
Aiming: Necrotise (safe; 3% risk of failure)
Press: ? - help, Shift-Dir - straight line, f/p - jackal
Aim: a jackal (severely wounded, ally target, chance to affect: 86%)
The jackal writhes in agony.
The jackal bites you but does no damage.
Your frilled lizard skeleton misses the jackal.
You hit the jackal but do no damage.
The jackal is almost dead.
The jackal bites you.
* * * LOW HITPOINT WARNING * * *
Your frilled lizard skeleton misses the jackal.
You hit the jackal but do no damage.
The jackal is almost dead.
The jackal misses you. The jackal barely misses you.
You closely miss the jackal.
The jackal is almost dead.
The jackal bites you.
* * * LOW HITPOINT WARNING * * *
Your frilled lizard skeleton barely misses the jackal.
You barely miss the jackal.
The jackal is almost dead.
The jackal bites you but does no damage.
Your frilled lizard skeleton closely misses the jackal.
The jackal barely misses you.
You hit the jackal but do no damage.
The jackal is almost dead.
The jackal bites you but does no damage.
Your frilled lizard skeleton misses the jackal.
Casting: Necrotise (safe; 3% risk of failure)
Confirm with . or Enter, or press ? or * to list all spells.
You don't have enough magic to cast this spell.
You hit the jackal but do no damage.
The jackal is almost dead.
The jackal closely misses you.
Your frilled lizard skeleton misses the jackal.
You completely miss the jackal.
The jackal is almost dead.
The jackal misses you. The jackal bites you.
You die...

#### ... ##.##
#####...##########
...?..#..Zhh@....#
#...########.#
.........h.# #.#
######.###.# #.#
#. # #.####### #.
#.......# #.
#######.# .. #.#
.. #######.#####.


You could see 2 jackals and a friendly frilled lizard skeleton.

Vanquished Creatures
  A giant cockroach (D:1)
  2 goblins (D:1)
  A jackal (D:1)
  A frilled lizard (D:1)
  A kobold (D:1)
6 creatures vanquished.

Notes
Turn   | Place    | Note
-------+----------+-------------------------------------------
     0 | D:1      | KittyKat the Demonspawn Necromancer began the quest for the
                  | Orb.
     0 | D:1      | Reached XP level 1. HP: 13/13 MP: 3/3
    21 | D:1      | Upgraded the game from 0.30-a0-122-g2a1322497e to
                  | 0.30-a0-123-g91d0c66ccf
   295 | D:1      | Slain by a jackal

Illustrated notes

Levels and vault maps discovered:
D:1:      minmay_arrival_open_corners, layout_loops_ring, basic_ecumenical_altar

Action                   || total
-------------------------++-------
Melee: Dagger            ||    13
 Cast: Necrotise         ||    13
Armor: Robe              ||     4
Dodge: Dodged            ||    17

Table legend: (Time is in decaauts)
 A = Elapsed time spent in this place.
 B = Non-inter-level travel time spent in this place.
 C = Inter-level travel time spent in this place.
 D = Time resting spent in this place.
 E = Time spent auto-exploring this place.
 F = Levels seen in this place.
 G = Mean time per level.
                   A        B        C        D        E       F      G
               +--------+--------+--------+--------+--------+-----+--------+
         Total |    294 |    275 |     19 |     34 |    116 |   1 |  294.0 |
       Dungeon |    294 |    275 |     19 |     34 |    116 |   1 |  294.0 |
               +--------+--------+--------+--------+--------+-----+--------+

Top non-repeatable levels by time:
     D:1: 294 daAuts
